 Dungeon Crawl Stone Soup version 0.14-a0-1707-g75daffb (webtiles) character file.

170 Nicoed the Chopper (level 5, -2/41 HPs)
             Began as a Human Fighter on Dec 31, 2013.
             Was an Initiate of Makhleb.
             Slain by a gnoll
             ... wielding a +0,+0 flail
              (10 damage)
             ... on Level 2 of the Dungeon.
             The game lasted 00:09:07 (2024 turns).

Nicoed the Chopper (Human Fighter)                  Turns: 2024, Time: 00:09:07

HP  -2/41        AC 10     Str 17      XL: 5   Next: 17%
MP   5/5         EV  4     Int  8      God: Makhleb [......]
Gold 57          SH 18     Dex 13      Spells:  0 memorised,  4 levels left

rFire  . . .     SeeInvis .       - Unarmed
rCold  . . .     Clarity  .     k - +0 elf chain mail
rNeg   . . .     Conserve .     d - +0 shield
rPois  .         rCorr    .     (no helmet)
rElec  .         rRot     .     (no cloak)
SustAb . .       Spirit   .     n - +0 pair of gloves
rMut   .         Warding  .     (no boots)
Saprov . . .     Stasis   .     (no amulet)
                                (no ring)
                                (no ring)

@: slightly resistant to hostile enchantments, extremely unstealthy
A: no striking features
a: Renounce Religion


You were on level 2 of the Dungeon.
You worshipped Makhleb.
Makhleb was noncommittal.
You were not hungry.

You visited 1 branch of the dungeon, and saw 3 of its levels.

You collected 57 gold pieces.

Inventory:

Armour
 d - a +0 shield (worn)
 k - a +0 elven chain mail (worn)
 n - a +0 pair of gloves (worn)
Comestibles
 c - a pear
 l - a meat ration
Scrolls
 a - 2 scrolls of fog {unknown}
 b - a scroll of remove curse
 e - a scroll of identify
 f - a scroll of enchant armour
 g - a scroll of enchant weapon II
 o - a scroll of teleportation
Potions
 i - a potion of restore abilities


   Skills:
 - Level 3.0 Fighting
   Level 4.4 Axes
 - Level 3.0 Armour
 - Level 0.2 Dodging
 + Level 0.2 Stealth
 - Level 3.0 Shields
 + Level 1.6 Unarmed Combat


You had 4 spell levels left.
You didn't know any spells.

Dungeon Overview and Level Annotations

Branches:
Dungeon (3/16)

Altars:
Makhleb
Trog


Message History

You block the gnoll's attack. You block the bat's attack.
You climb upwards.
There is a stone staircase leading down here.
You see here a +0 shield.
Unknown command.
Unknown command.
You hit the gnoll.
The gnoll is severely wounded.
The gnoll hits you with a flail.
* * * LOW HITPOINT WARNING * * *
Your shield and chain mail prevent you from hitting the gnoll.
The gnoll is severely wounded.
You block the gnoll's attack.
You barely miss the gnoll.
The gnoll is severely wounded.
Unknown command.
You hit the gnoll.
The gnoll is almost dead.
The gnoll hits you with a flail!
You die...

#.....# #...# #.....)# #.#
###.).###...########......#####.#
###.................)............
................................#
.......#...).....##########.#####
##.....#....####(................
####......####....##...##...#....
..####..####...).###...##...#....
....######(....#@# ########.#####
....######.....#g# #)#
..####..####.....## #.#
####......####....### #.#
##....##....####....## ##.##
.....####............# #...#
#(..## ########.....# ##...#
###.####### ###.....# #....#
..(.......####...##### #...##


You could see a gnoll.

Vanquished Creatures
  2 gnolls
  3 adders (D:2)
  A giant mite (D:2)
  A worm (D:2)
  A giant gecko (D:2)
  An ooze (D:1)
  An orc (D:2)
  A ball python (D:1)
  5 bats
  2 giant cockroaches
  5 hobgoblins
  4 jackals (D:1)
  4 giant newts
  8 goblins
  9 kobolds
  5 rats (D:1)
53 creatures vanquished.

Notes
Turn   | Place    | Note
--------------------------------------------------------------
     0 | D:1      | Nicoed, the Human Fighter, began the quest for the Orb.
     0 | D:1      | Reached XP level 1. HP: 18/18 MP: 1/1
    77 | D:1      | Reached XP level 2. HP: 16/24 MP: 2/2
   222 | D:1      | Reached XP level 3. HP: 24/29 MP: 3/3
   523 | D:2      | Found a bloodstained altar of Trog.
   809 | D:2      | Reached XP level 4. HP: 35/35 MP: 4/4
   835 | D:2      | Reached skill level 4 in Axes
  1184 | D:2      | Found a burning altar of Makhleb.
  1209 | D:2      | Became a worshipper of Makhleb the Destroyer
  1645 | D:3      | Reached skill level 1 in Unarmed Combat
  1647 | D:3      | Reached XP level 5. HP: 26/41 MP: 5/5
  2024 | D:2      | Slain by a gnoll

Action                   |  1- 3 |  4- 6 || total
-------------------------+-------+-------++-------
Melee: Hand axe          |   126 |    31 ||   157
       Unarmed           |       |   163 ||   163
  Use: Scroll            |       |     4 ||     4
       Potion            |       |     1 ||     1
 Stab: Distracted        |       |     1 ||     1
